 Dungeon Crawl Stone Soup version 0.27.1-33-g824d729ab1 (webtiles) character file.

Game seed: 18419942815499177531

417 Kaptain the Digger (level 6, -5/37 (39) HPs)
             Began as an Octopode Earth Elementalist on Dec 17, 2021.
             Slain by a necrophage (7 damage)
             ... on level 4 of the Dungeon.
             The game lasted 00:10:28 (4252 turns).

Kaptain the Digger (Octopode Earth Elementalist)    Turns: 4252, Time: 00:10:30

HP:   -5/37 (39)    AC:  1    Str:  7    XL:     6   Next: 92%
MP:   11/11         EV: 14    Int: 19    God:
Gold: 140           SH:  0    Dex: 13    Spells: 6/12 levels left

rFire    . . .     SeeInvis .   n - +3 halberd
rCold    . . .     Faith    .   (shield currently unavailable)
rNeg     . . .     Spirit   .   (helmet restricted)
rPois    .         Reflect  .   (no amulet)
rElec    .         Harm     .   (no ring)
rCorr    .         Rampage  .   (no ring)
Will     .....                  (no ring)
Stlth    ++++......             (no ring)
HPRegen  0.12/turn              (no ring)
MPRegen  0.12/turn              (no ring)
                                (no ring)
                                (no ring)

@: drained
A: almost no armour, amphibious, 8 rings, camouflage 1, gelatinous body 1,
(nimble swimmer 1), tentacles
a: no special abilities


You were on level 4 of the Dungeon.
You visited 1 branch of the dungeon, and saw 4 of its levels.

You collected 140 gold pieces.

Inventory:

Hand Weapons
 e - a +0 dagger
 i - a +0 falchion
 n - a +3 halberd (weapon)
 q - a +3 quarterstaff of chaos
Missiles
 b - 6 stones
 d - 3 throwing nets
Wands
 m - a wand of polymorph (9)
Scrolls
 a - 2 scrolls of fear {unknown}
 f - a scroll of teleportation {unknown}
 h - 2 scrolls of magic mapping {unknown}
 k - a scroll of identify {unknown}
 l - a scroll of amnesia {unknown}
 o - 2 scrolls of enchant armour {unknown}
Potions
 c - 2 potions of curing
 g - 2 potions of might {unknown}
 j - a potion of haste {unknown}
 p - a potion of mutation {unknown}


   Skills:
 + Level 2.1 Fighting
 + Level 3.1 Dodging
 + Level 4.6 Stealth
 * Level 3.8 Spellcasting
 - Level 1.0 Transmutations
 * Level 4.7 Earth Magic


You had 6 spell levels left.
You knew the following spells:

 Your Spells              Type           Power      Damage    Failure   Level
a - Sandblast             Erth           42%        2d11      1%          1
b - Passwall              Tmut/Erth      11%        N/A       6%          2
c - Stone Arrow           Conj/Erth      24%        3d8       16%         3

Your spell library contained the following spells:

 Spells                   Type           Power      Damage    Failure   Level
 Tukima's Dance           Hex            3%         N/A       38%         3
 Petrify                  Tmut/Erth      14%        N/A       38%         4
 Passage of Golubria      Tloc           N/A        N/A       80%         4
 Yara's Violent Unravell  Hex/Tmut       2%         3d3       97%         5


Dungeon Overview and Level Annotations

Branches:
Dungeon (4/15)
 Temple: D:4-7

Altars:
Cheibriados
Yredelemnul

Annotations:
D:4 Blork the orc


Innate Abilities, Weirdness & Mutations

You cannot wear most types of armour.
You are amphibious.
You can wear up to eight rings at the same time.
Your skin changes colour to match your surroundings (Stealth+).
Your rubbery body absorbs attacks. (AC +1, EV +1)
((You are camouflaged near water. (Stealth+)))
You have tentacles for arms and can constrict up to eight enemies at once.


Message History

The goblin is moderately wounded.
The goblin misses you.
You hit the goblin.
You kill the goblin!
You puncture the worm! You grab the worm.
The worm is heavily wounded.
You constrict the worm. You puncture the worm!
You kill the worm!
The hound skeleton bites you.
You slash the hound skeleton! Your grab misses the hound skeleton.
The hound skeleton is almost destroyed.
The hound skeleton misses you.
The hound skeleton bites you but does no damage.
You barely miss the hound skeleton. You grab the hound skeleton.
You squeeze the hound skeleton.
You destroy the hound skeleton!
You start resting.
A kobold comes into view. It is wielding a +0 dagger.
An orc wizard comes into view. It is wielding a +0 dagger.
A kobold is nearby!
Things that are here:
a +0 dagger; a goblin corpse Reach: n) +3 halberd
Press: ? - help, Dir - move target, f - necrophage
Aim: a necrophage (wandering, hasn't noticed you, about 46% to evade your +3 halberd)
You reach to attack!
You hit the necrophage but do no damage.
The necrophage hits you.
You feel drained.
* * * LOW HITPOINT WARNING * * *
You barely miss the necrophage. Your grab misses the necrophage.
The necrophage hits you.
* * * LOW HITPOINT WARNING * * *
You puncture the necrophage! You grab the necrophage.
The necrophage is moderately damaged.
You constrict the necrophage, but do no damage.
The necrophage hits you.
* * * LOW HITPOINT WARNING * * *
You feel drained. The necrophage hits you!
You die...

##............##
#..............#
#..............#
#..............#
#._............# ######
#..............#
.....######............##
........# ##.....n....##
.....>..########@...###
#...........).......#
.....####.....#.....#
..##..#...#####...#.## .
##.#.### ##...>.# ##....#
#..#..# .###..##..#
###..#....# .....## #.#
#....##.#.# ###)## .#
#.#..# .#.#


You could see a necrophage.

Vanquished Creatures
  An ogre (D:4)
  An orc priest (D:4)
  Crazy Yiuf (D:3)
  Terence (D:3)
  Jessica (D:3)
  2 hound skeletons (D:4)
  Robin (D:3)
  4 gnolls
  5 adders
  An adder skeleton (D:4)
  A worm (D:4)
  5 dart slugs
  2 orcs (D:3)
  5 bats
  6 endoplasms
  A giant cockroach (D:2)
  18 goblins
  11 hobgoblins
  4 jackals
  6 ball pythons
  6 frilled lizards
  6 kobolds
  5 rats
94 creatures vanquished.

Notes
Turn   | Place    | Note
-------+----------+-------------------------------------------
     0 | D:1      | Kaptain the Octopode Earth Elementalist began the quest for
                  | the Orb.
     0 | D:1      | Reached XP level 1. HP: 11/11 MP: 3/3
   184 | D:1      | Reached XP level 2. HP: 17/17 MP: 3/5
  1003 | D:2      | Found a basalt altar of Yredelemnul.
  1035 | D:2      | Reached XP level 3. HP: 20/22 MP: 0/6
  1631 | D:2      | Reached XP level 4. HP: 27/27 MP: 5/7
  1933 | D:3      | Noticed Terence
  1940 | D:3      | Killed Terence
  1941 | D:3      | Reached skill level 1 in Fighting
  2112 | D:3      | Learned a level 2 spell: Passwall
  2116 | D:3      | Learned a level 3 spell: Stone Arrow
  2227 | D:3      | Noticed Jessica
  2230 | D:3      | Killed Jessica
  2231 | D:3      | Reached XP level 5. HP: 33/33 MP: 5/9
  2598 | D:3      | Noticed Robin
  3576 | D:3      | Killed Robin
  3585 | D:3      | Reached XP level 6. HP: 17/38 MP: 9/11
  3815 | D:3      | Found a runed translucent door.
  3816 | D:3      | Noticed Crazy Yiuf
  3929 | D:3      | Killed Crazy Yiuf
  4067 | D:4      | Noticed a necrophage
  4068 | D:4      | Noticed Blork the orc
  4094 | D:4      | Found a snail-covered altar of Cheibriados.
  4252 | D:4      | Slain by a necrophage

Illustrated notes

Levels and vault maps discovered:
D:1:      onia_arrival_mini_spirals, layout_loops_ring
D:2:      layout_rooms, basic_altar, minmay_close_crescents
D:3:      layout_loops_ring, uniq_robin, uniq_crazy_yiuf_cottage, uniq_terence,
          uniq_jessica
D:4:      layout_rooms, nemelex_dance_club_becter, cheibriados_altar_1,
          mainiacjoe_overflow_boulevard, corner_web_ring, moated_statue,
          uniq_blork_the_orc

Skill      XL: |  1  2  3  4  5  6 |
---------------+-------------------+-----
Stealth        | 3 4 |  4.6
Fighting       | 1 2 |  2.1
Spellcasting   | 3 |  3.8
Earth Magic    | 4 |  4.7
Dodging        | 3 |  3.1
Transmutations | |  1.0

Action                   |  1- 3 |  4- 6 || total
-------------------------+-------+-------++-------
Melee: Constrict         |     6 |    30 ||    36
       Unarmed           |     1 |       ||     1
       Dagger            |    18 |    41 ||    59
       Tentacles         |     4 |    17 ||    21
       Halberd           |       |    59 ||    59
 Cast: Sandblast         |    42 |    37 ||    79
       Stone Arrow       |       |     1 ||     1
  Use: Potion            |       |     1 ||     1
 Stab: Sleeping          |     3 |     3 ||     6
Armor: Skin              |     5 |    10 ||    15
Dodge: Dodged            |    14 |    78 ||    92
